cohdb
Replays
Latest Replays
All Replays
Popular Replays
Top Player Replays
Match Explorer
How It Works
Community
CoH3 Stats
Reddit
Sign in to upload your games and track your stats! →
Sign in with Steam
Match 45205456
Unlisted
Match 45205456
Overview
Messages
Build Orders
End
Panzergrenadier Squad
250 Light Carrier
Panzergrenadier Squad
Construct Light Support Kompanie
Combat Half-tracks
Selects Battlefield Espionage Battlegroup
Selects Sector Subterfuge Beacon
Selects Intel Disruption Beacon
Panzergrenadier Squad
Fire Support Elements
Pak 38 Mechanized Group
Selects Transfer Depots
2.5-tonne Medical Truck
Panzergrenadier Squad
Construct Panzerarmee Kommand
Veteran Squad Leaders
Walking Stuka Rocket Launcher
Selects Firestorm
binari
JVM
KingLiA
踩踩背高手
TW_ponpon
LightingTuna
LavLad
13Magic
0
0
Comments
sign in to comment!
No comments posted yet!